 Dungeon Crawl Stone Soup version 0.30-a0-672-gc3a7216ad8 (webtiles) character file.

Game seed: 16159179535018746866

5366 wormed the Transmogrifier (level 10, -2/78 HPs)
             Began as an Octopode Transmuter on Jan 19, 2023.
             Slain by a two-headed ogre
             ... wielding a +0 giant club
              (16 damage)
             ... on level 9 of the Dungeon.
             The game lasted 00:09:41 (8863 turns).

wormed the Transmogrifier (Octopode Transmuter)     Turns: 8863, Time: 00:09:42

Health: -2/78      AC: 13    Str: 10    XL:     10   Next: 65%
Magic:  20/20      EV: 11    Int: 20    God:
Gold:   545        SH:  0    Dex: 12    Spells: 15/22 levels left

rFire   x . .      SeeInvis .      - Unarmed
rCold   + + +      Faith    .    (shield currently unavailable)
rNeg    . . .      Spirit   .    (helmet currently unavailable)
rPois   +          Reflect  .    f - amulet of magic regeneration
rElec   .          Harm     .    k - +4 ring of protection
rCorr   .          Rampage  .    y - ring of willpower
Will    +....                    (no ring)
Stlth   +                        (no ring)
HPRegen 0.33/turn                (no ring)
MPRegen 0.57/turn                (no ring)
                                 (no ring)
                                 (no ring)

@: ice-form, wereblooded
A: freezing attack, boosted hp, almost no armour, amphibious, 8 rings, large,
(camouflage 1), (gelatinous body 1), (nimble swimmer 1), (tentacles)
a: End Transformation


You were on level 9 of the Dungeon.
You were a creature of crystalline ice.
You visited 2 branches of the dungeon, and saw 10 of its levels.
You also visited: Ossuary.

You collected 545 gold pieces.

Inventory:

Missiles
 i - a throwing net (quivered)
Jewellery
 e - a ring of ice
 f - an amulet of magic regeneration (around neck)
 k - a +4 ring of protection (left front paw)
 y - a ring of willpower (right front paw)
Wands
 c - a wand of roots (6)
Scrolls
 d - a scroll of identify
 g - 3 scrolls of enchant weapon
 h - 7 scrolls of vulnerability
 l - a scroll of enchant armour
 m - 3 scrolls of magic mapping
 r - 2 scrolls of silence
 s - 2 scrolls of blinking
 t - 7 scrolls of teleportation
 x - a scroll of fear
Potions
 a - 3 potions of lignification
 b - 5 potions of curing
 j - 5 potions of degeneration
 n - 5 potions of haste
 o - 2 potions of resistance
 p - 2 potions of invisibility
 q - 3 potions of heal wounds
 u - a potion of ambrosia
 v - a potion of brilliance
 w - a potion of flight


   Skills:
 + Level 4.8 Fighting
 + Level 5.1 Dodging
 + Level 5.7 Unarmed Combat
 + Level 6.8 Spellcasting
 * Level 10.3 Transmutations
 - Level 4.0 Ice Magic


You had 15 spell levels left.
You knew the following spells:

 Your Spells              Type           Power      Damage    Failure   Level
a - Ice Form              Ice/Tmut       35%        N/A       4%          4
b - Wereblood             Tmut           48%        N/A       1%          2
z - Beastly Appendage     Tmut           96%        N/A       1%          1

Your spell library contained the following spells:

 Spells                   Type           Power      Damage    Failure   Level
 Sting                    Tmut/Pois      100%       1d8       1%          1
 Spider Form              Tmut/Pois      27%        N/A       3%          3
 Shock                    Conj/Air       24%        1d4       10%         1
 Summon Small Mammal      Summ           24%        N/A       10%         1
 Hailstorm                Conj/Ice       14%        3d5       13%         3
 Poisonous Vapours        Pois/Air       12%        N/A       14%         2
 Call Canine Familiar     Summ           6%         N/A       28%         3
 Summon Guardian Golem    Hex/Summ       6%         N/A       28%         3
 Swiftness                Air            6%         N/A       28%         3
 Airstrike                Air            3%         2d(1-17)  67%         4
 Olgreb's Toxic Radiance  Pois           6%         N/A       67%         4
 Freezing Cloud           Conj/Ice/Air   6%         6-21      83%         5
 Simulacrum               Ice/Necr       7%         N/A       100%        6
 Chain Lightning          Conj/Air       3%         3d4       100%        9
 Fire Storm               Conj/Fire      3%         8d1       100%        9
 Polar Vortex             Ice            11%        N/A       100%        9
 Shatter                  Erth           3%         3d7*      100%        9


Dungeon Overview and Level Annotations

Branches:
Dungeon (9/15)             Temple (1/1) D:7         Ossuary (visited)
   Lair: D:8-11         Orc: D:9-12

Altars:
Ashenzari
Cheibriados
Dithmenos
Elyvilon
Fedhas
Hepliaklqana
Kikubaaqudgha
Makhleb
Nemelex Xobeh
Okawaru
Qazlal
Ru
Trog
Uskayaw
Vehumet
Xom
Yredelemnul
Zin
The Shining One

Annotations:
D:8 3 runed translucent doors, pokeman's ghost, novice DEHW


Innate Abilities, Weirdness & Mutations

You are a creature of crystalline ice.
You have a powerful freezing melee attack.
Your maximum health is increased.
Your armour is entirely melded.
You are incapable of wielding weapons or throwing items.
You cannot wear most types of armour.
You are amphibious.
You can wear up to eight rings at the same time.
((Your skin changes colour to match your surroundings (Stealth+).))
((Your rubbery body absorbs attacks. (AC +1, EV +1)))
((You are camouflaged when in or above water. (Stealth+)))
((You have tentacles for arms and can constrict up to eight enemies at once.))


Message History

There is an open door here.
You open the door.
A two-headed ogre comes into view.
It is wielding a +0 giant club and a +0 giant spiked club.
A two-headed ogre is nearby!
A two-headed ogre is nearby!
y - a ring of willpower (right tentacle)
The two-headed ogre shouts in stereo!
Found a scroll of teleportation.
Casting: Wereblood (safe; 1% risk of failure)
Confirm with . or Enter, or press ? or * to list all spells.
You turn into a creature of crystalline ice.
Casting: Ice Form (dangerous; 4% risk of failure)
Confirm with . or Enter, or press ? or * to list all spells.
Your blood is infused with primal strength.
You hit the two-headed ogre but do no damage.
The two-headed ogre hits you with a +0 giant club.
The two-headed ogre hits you but does no damage.
You hit the two-headed ogre. You freeze the two-headed ogre.
The two-headed ogre is lightly wounded.
You punch the two-headed ogre! You freeze the two-headed ogre.
The two-headed ogre is heavily wounded.
The two-headed ogre hits you with a +0 giant club.
The two-headed ogre hits you with a +0 giant spiked club!
You hit the two-headed ogre but do no damage.
The two-headed ogre is heavily wounded.
You hit the two-headed ogre. You freeze the two-headed ogre.
The two-headed ogre is heavily wounded.
The two-headed ogre misses you.
The two-headed ogre hits you with a +0 giant spiked club!
You hit the two-headed ogre. You freeze the two-headed ogre.
The two-headed ogre is heavily wounded.
The two-headed ogre hits you with a +0 giant club!!
The two-headed ogre hits you with a +0 giant spiked club!
* * * LOW HITPOINT WARNING * * *
You punch the two-headed ogre! You freeze the two-headed ogre.
The two-headed ogre is severely wounded.
You hit the two-headed ogre. You freeze the two-headed ogre.
The two-headed ogre is severely wounded.
The two-headed ogre hits you with a +0 giant club!
You die...

..# #...#####.# #...# #.......##
..# #...# ##+###.#.# #.........
..# #...####....#.#'###.........
..# #...#.......#......#........
..# #...#..............#........
..###...#.....####.....#........
....[...#.....# ##+####........
........#.....#####.#...........
........+.....'.YO..............
.#......#.....#####.#.###.......
.#......#####........... ......#
.#.........##.........##.......#
.........#............# .......
....................... ....#..
........................ ?..
................#........
................#....


You could see a two-headed ogre.

Vanquished Creatures
  A two-headed ogre (D:8)
  Maggie (D:8)
  Grinder (D:5)
  9 yaks (D:8)
  Menkaure (D:6)
  A water moccasin (D:6)
  An acid dragon (D:9)
  2 orc warriors
  3 black bears
  2 ice beasts
  An ogre (D:5)
  2 centaurs
  A kobold brigand (D:8)
  A phantom (D:7)
  2 bullfrogs
  2 scorpions (D:4)
  4 wights
  2 water moccasin zombies (Ossuary)
  A killer bee (D:7)
  2 electric eels (D:8)
  2 centaur zombies (Ossuary)
  3 hounds
  A human zombie (Ossuary)
  4 bullfrog zombies (Ossuary)
  3 jellies
  3 iguanas
  6 orc wizards
  An ogre zombie (Ossuary)
  3 gnolls (D:4)
  9 adders
  A shadow imp (D:7)
  4 white imps
  3 adder zombies (Ossuary)
  3 worms
  6 dart slugs
  33 orcs
  6 bats
  9 endoplasms
  9 giant cockroaches
  A gnoll zombie (Ossuary)
  3 goblins
  6 hobgoblins
  3 jackals (D:4)
  11 kobolds
  4 quokkas
  9 ball pythons
  5 frilled lizards
  5 goblin zombies (Ossuary)
  2 hobgoblin zombies (Ossuary)
  6 orc zombies (Ossuary)
  6 rats
210 creatures vanquished.

Vanquished Creatures (others)
  A plant (D:4)
1 creature vanquished.

Grand Total: 211 creatures vanquished

Notes
Turn   | Place    | Note
-------+----------+-------------------------------------------
     0 | D:1      | wormed the Octopode Transmuter began the quest for the Orb.
     0 | D:1      | Reached XP level 1. HP: 13/13 MP: 3/3
    81 | D:1      | Reached XP level 2. HP: 9/18 MP: 3/5
   508 | D:1      | Reached skill level 1 in Ice Magic
   639 | D:1      | Reached XP level 3. HP: 22/23 MP: 4/6
   751 | D:1      | Learned a level 2 spell: Wereblood
   915 | D:2      | Reached skill level 3 in Transmutations
  1497 | D:3      | Reached XP level 4. HP: 24/28 MP: 3/7
  1559 | D:3      | Learned a level 4 spell: Ice Form
  2034 | D:3      | Reached XP level 5. HP: 27/33 MP: 7/9
  2335 | D:4      | Noticed a black bear
  2344 | D:4      | Killed a black bear
  2345 | D:4      | Reached skill level 4 in Transmutations
  2373 | D:4      | Reached XP level 6. HP: 38/38 MP: 10/10
  2688 | D:4      | Reached skill level 5 in Transmutations
  2758 | D:4      | Reached XP level 7. HP: 29/43 MP: 6/12
  3212 | D:5      | Entered Level 5 of the Dungeon
  3448 | D:5      | Reached skill level 6 in Transmutations
  3632 | D:5      | Found a snail-covered altar of Cheibriados.
  3979 | D:5      | Reached XP level 8. HP: 48/48 MP: 14/14
  4013 | D:5      | Reached skill level 7 in Transmutations
  4084 | D:5      | Noticed Grinder
  4109 | D:5      | Paralysed by Grinder for 3 turns
  4130 | D:5      | Paralysed by Grinder for 3 turns
  4137 | D:5      | Killed Grinder
  4138 | D:5      | Reached skill level 5 in Spellcasting
  4537 | D:7      | Found a staircase to the Ecumenical Temple.
  4549 | Temple   | Entered the Ecumenical Temple
  5108 | D:7      | Found a runed translucent door.
  5111 | D:7      | Found a runed translucent door.
  5420 | D:6      | Reached skill level 8 in Transmutations
  5424 | D:6      | HP: 2/48 [wight/+0 dire flail (2)]
  5610 | D:6      | Reached XP level 9. HP: 44/52 MP: 17/17
  5780 | D:6      | Found a runed translucent door.
  6043 | D:6      | Noticed Menkaure
  6053 | D:6      | Killed Menkaure
  6886 | D:8      | Found a sand-covered staircase.
  6894 | Ossuary  | Entered an ossuary
  6981 | Ossuary  | Reached skill level 9 in Transmutations
  7155 | Ossuary  | Noticed a silent spectre
  7341 | D:8      | Found a stormy altar of Qazlal.
  7419 | D:8      | Found a runed translucent gate.
  7419 | D:8      | Found a runed translucent gate.
  7420 | D:8      | Found a runed translucent gate.
  7424 | D:8      | Noticed pokeman's ghost (novice DEHW)
  7429 | D:8      | Identified the +1 chain mail of Daciata {rF+}
  7645 | D:8      | Identified the +6 flail "Xodounof" {flame, Dex+7}
  7779 | D:8      | Reached XP level 10. HP: 58/63 MP: 19/19
  7789 | D:8      | Reached skill level 5 in Unarmed Combat
  7968 | D:8      | Reached skill level 10 in Transmutations
  8234 | D:8      | Noticed a two-headed ogre
  8242 | D:8      | Killed a two-headed ogre
  8243 | D:8      | Reached skill level 5 in Dodging
  8431 | D:8      | Noticed Maggie
  8445 | D:8      | Killed Maggie
  8758 | D:9      | Found a shimmering altar of Xom.
  8797 | D:9      | Found a hazy altar of Hepliaklqana.
  8843 | D:9      | Noticed a two-headed ogre
  8863 | D:9      | Slain by a two-headed ogre

Illustrated notes

Levels and vault maps discovered:
D:1:      dpeg_arrival_tiny_c, layout_basic
D:2:      layout_rooms
D:3:      kennysheep_big_flooded_room, layout_basic
D:4:      layout_gridville, guppyfry_early_lair_pool
D:5:      layout_rooms, cheibriados_altar_1, dreamdust_princess_bridge,
          kennysheep_decorative_pillar, uniq_grinder
D:6:      kennysheep_six_static_rooms, layout_rooms, gup_sewer_entry_pipe,
          minivault_11, lightli_church_of_beogh, uniq_menkaure
D:7:      minmay_the_grid_triangle_9x9_rhombus_full
          [minmay_the_grid_triangle_9x9_negative_grid,
          minmay_the_grid_triangle_9x9_dagger,
          minmay_the_grid_triangle_9x9_tough_junction,
          minmay_the_grid_triangle_9x9_shrine,
          minmay_the_grid_triangle_9x9_windchime,
          minmay_the_grid_triangle_9x9_warning,
          minmay_the_grid_triangle_9x9_swiss_cheese,
          minmay_the_grid_triangle_9x9_prize_top_heavy], layout_basic,
          temple_fountains
D:8:      layout_gridville, mainiacjoe_overflow_24_doors,
          biasface_ghost_orc_armoury, nicolae_ossuary_entry_plus,
          kennysheep_cluttered_room, uniq_maggie
D:9:      layout_basic, mainiacjoe_overflow_cross_hatched,
          nicolae_gozag_cash_rules_everything_around_me,
          mainiacjoe_overflow_concentric_impassable, serial_demonic,
          serial_demonic_g, serial_demonic_f, serial_demonic_d,
          serial_demonic_f, serial_demonic_a, serial_demonic_g
Temple:   nicolae_temple_superstar

Skill      XL: |  1  2  3  4  5  6  7  8  9 10 |
---------------+-------------------------------+-----
Ice Magic      | 1 2 3 4 |  4.0
Transmutations | 3 4 5 6 8 9 10 | 10.3
Spellcasting   | 3 4 5 6 |  6.8
Fighting       | 2 3 4 |  4.8
Dodging        | 4 5 |  5.1
Unarmed Combat | 4 5 |  5.7

Action                   |  1- 3 |  4- 6 |  7- 9 | 10-12 || total
-------------------------+-------+-------+-------+-------++-------
Melee: Unarmed           |    87 |   102 |   400 |    77 ||   666
       Constrict         |    25 |    17 |       |     4 ||    46
       Tentacles         |    15 |    16 |       |     5 ||    36
       Kick              |    21 |    16 |       |       ||    37
       Punch             |     3 |     1 |       |     2 ||     6
Throw: Throwing net      |       |       |     1 |       ||     1
 Cast: Beastly Appendage |    18 |    11 |       |       ||    29
       Wereblood         |    11 |    14 |    31 |     7 ||    63
       Ice Form          |       |     5 |    45 |     7 ||    57
  Use: Scroll            |       |     9 |    13 |       ||    22
       Potion            |       |     1 |     2 |       ||     3
 Stab: Sleeping          |     6 |       |       |       ||     6
Armor: Skin              |    12 |    26 |   234 |    15 ||   287
Dodge: Dodged            |    76 |    54 |   209 |    32 ||   371

Table legend: (Time is in decaauts)
 A = Elapsed time spent in this place.
 B = Non-inter-level travel time spent in this place.
 C = Inter-level travel time spent in this place.
 D = Time resting spent in this place.
 E = Time spent auto-exploring this place.
 F = Levels seen in this place.
 G = Mean time per level.
                   A        B        C        D        E       F      G
               +--------+--------+--------+--------+--------+-----+--------+
         Total |   8819 |   8424 |    395 |     32 |   6695 |  11 |  801.7 |
       Dungeon |   8300 |   7915 |    385 |     32 |   6388 |   9 |  922.2 |
        Temple |    230 |    220 |     10 |      0 |    189 |   1 |  230.0 |
       Ossuary |    288 |    288 |      0 |      0 |    118 |   1 |  288.0 |
               +--------+--------+--------+--------+--------+-----+--------+

Top non-repeatable levels by time:
     D:8: 1503 daAuts
     D:5: 1426 daAuts
     D:4: 1086 daAuts
     D:6: 1005 daAuts
     D:3: 851 daAuts
     D:7: 797 daAuts
     D:1: 791 daAuts
     D:2: 598 daAuts
 Ossuary: 288 daAuts
     D:9: 240 daAuts
  Temple: 230 daAuts
